 Dungeon Crawl Stone Soup version 0.18-a0-1027-g814d7dd (console) character file.

164 FIQ the Digger (level 5, -10/35 HPs)
             Began as a Formicid Earth Elementalist on Jan 8, 2016.
             Shot with an arrow by a centaur (17 damage)
             ... on level 3 of the Dungeon.
             The game lasted 00:16:18 (2624 turns).

FIQ the Digger (Formicid Earth Elementalist)        Turns: 2624, Time: 00:16:18

Health: -10/35     AC:  3    Str: 13    XL:     5   Next: 73%
Magic:  8/10       EV: 13    Int: 21    God:
Gold:   200        SH:  0    Dex: 16    Spells: 1 memorised, 9 levels left

rFire  . . .     SeeInvis +     (no weapon)
rCold  . . .     Gourm    .     a - +0 robe
rNeg   . . .     Faith    .     (no shield)
rPois  .         Spirit   .     (helmet unavailable)
rElec  .         Dismiss  .     q - +0 cloak
rCorr  .         Reflect  .     (no gloves)
SustAt .         Harm     .     (no boots)
MR     .....                    (no amulet)
Stlth  ++........               i - +6 ring of intelligence
                                j - +5 ring of dexterity

@: not resistant to hostile enchantments, unstealthy
A: permanent stasis, dig shafts and tunnels, four strong arms, antennae 3
a: Dig, Shaft Self


You were on level 3 of the Dungeon.
You were not hungry.

You visited 1 branch of the dungeon, and saw 3 of its levels.

You collected 200 gold pieces.

Inventory:

Missiles
 b - 51 stones (quivered)
Armour
 a - a +0 robe (worn)
 q - a +0 cloak (worn)
 v - a +0 buckler
Jewellery
 e - an uncursed ring of resist corrosion
 i - a +6 ring of intelligence (right hand)
 j - a +5 ring of dexterity (left hand)
 s - an uncursed amulet of guardian spirit
Scrolls
 k - 3 scrolls of blinking {unknown}
 l - 3 scrolls of remove curse
 o - 2 scrolls of fear {unknown}
 r - 3 scrolls of identify {unknown}
 t - a scroll of recharging {unknown}
Potions
 h - a potion of cancellation {unknown}
 m - 3 potions of curing {unknown}
 p - a potion of agility {unknown}
Books
 c - a book of Geomancy

   Spells                             Type                      Level
   a - Sandblast                      Earth                        1
   b - Stoneskin                      Transmutation/Earth          2
   c - Passwall                       Transmutation/Earth          3
   d - Stone Arrow                    Conjuration/Earth            3
   e - Petrify                        Transmutation/Earth          4
   f - Lee's Rapid Deconstruction     Earth                        5
Comestibles
 d - a bread ration
 f - 6 chunks of flesh
 g - 2 beef jerkies
 n - a meat ration
 u - a slice of pizza


   Skills:
 + Level 2.8 Dodging
 - Level 2.4 Stealth
 + Level 0.0 Shields
 + Level 3.4 Spellcasting
   Level 1.1 Transmutations
 * Level 5.6 Earth Magic


You had 9 spell levels left.
You knew the following spells:

 Your Spells              Type           Power        Failure   Level  Hunger
a - Sandblast             Erth           ####..       1%          1    None


Dungeon Overview and Level Annotations

Branches:
Dungeon (3/15)

Altars:
Dithmenos
Qazlal
Ru


Innate Abilities, Weirdness & Mutations

You are under a permanent stasis effect.
You can dig through walls and to a lower floor.
Your four strong arms can wield two-handed weapons with a shield.
You have a pair of large antennae on your head (SInv).


Message History

2 jackals come into view.
The jackal barks!
A jackal and a centaur come into view.
You see here a chunk of flesh.
Autopickup is now off.
Autopickup is now on.
f - 6 chunks of flesh (gained 1); The jackal moves out of view.
A hobgoblin comes into view. It is wielding a club.
Press: ? - help, v - describe, . - travel
Here: a centaur (hasn't noticed you)
The floor.
The centaur shouts!
The centaur wields a shortbow.
The centaur shoots an arrow.
The arrow hits you!
The centaur shoots an arrow.
The arrow hits you!
* * * LOW HITPOINT WARNING * * *
You see here an arrow.
Things that are here:
a club; a hobgoblin skeleton The centaur shoots an arrow.
The arrow hits you!
You die...

#####.###.......####
##.....##...<....#
##..##)..........## .#####
####..###...##.#...##
...(.####.........)###.##.##
####..†......###.#####.##.#
......###..#####.###...##.#
...................#.####.#
.###.#.#########.#......#.#
#...# #.......####...# ##..#
#..###@### ..# ..# ##)# ...
.#. #.h# ## . #.## . #c#
..### #h# .....###.# #....(#
######..########
...............#
#######.#..###.#


You could see a centaur and 2 jackals.

Vanquished Creatures
  A crimson imp (D:3)
  5 adders
  2 worms
  3 giant geckos
  An orc (D:2)
  2 ball pythons
  5 giant cockroaches
  9 goblins
  7 hobgoblins
  8 jackals
  8 kobolds
  A quokka (D:2)
  5 bats
  7 giant newts
  7 rats
71 creatures vanquished.

Notes
Turn   | Place    | Note
--------------------------------------------------------------
     0 | D:1      | FIQ the Formicid Earth Elementalist began the quest for the Orb.
     0 | D:1      | Reached XP level 1. HP: 13/13 MP: 3/3
   226 | D:1      | Reached XP level 2. HP: 16/19 MP: 1/5
   468 | D:1      | Reached skill level 4 in Earth Magic
   763 | D:1      | Reached XP level 3. HP: 24/24 MP: 3/6
  1239 | D:1      | Reached XP level 4. HP: 12/30 MP: 0/8
  1578 | D:1      | Reached skill level 5 in Earth Magic
  1807 | D:2      | Found a sacrificial altar of Ru.
  2014 | D:2      | Reached XP level 5. HP: 35/35 MP: 7/9
  2147 | D:3      | Found a stormy altar of Qazlal.
  2150 | D:3      | Found a shadowy altar of Dithmenos.
  2615 | D:3      | Noticed a centaur
  2624 | D:3      | Shot with an arrow by a centaur

Vault maps used:
D:1:      dpeg_arrival_brainrot
D:2:      lemuel_upstairs_altar, nicolae_ru_path_of_blood
D:3:      nicolae_overflow_hidden_temple

Action                   |  1- 3 |  4- 6 || total
-------------------------+-------+-------++-------
Melee: Unarmed           |    23 |    36 ||    59
 Cast: Sandblast         |    63 |   101 ||   164
 Abil: Dig               |     1 |       ||     1
  Use: Scroll            |       |     1 ||     1
  Eat: Chunk             |     2 |     4 ||     6
